AoeStats
← JAGR | DesNoguns

Arabian Desert

510357308Analyzed
1v1 RM · 1d ago on Sep 30, 2026· 37m 52s· 2 players
Game mode
Random Map
Map size
Tiny (2 player)
Population
200
Speed
Normal
Resources
Standard
Victory
Conquest
Starting age
Dark Age
Ending age
Imperial Age
RankedLock teamsTeams togetherTeam positionsShared explorationLock speedFull tech treeHidden civsTurbo modeCheats
Victory
Defeat
🇨🇴 Huns · Colombia
1451
+16
🇩🇪 Khitans · Germany
1447
-16
Bitter Lemon
6:33 Loom
9:22 Feudal Age
22:26 Castle Age
20:21 Domestication
20:41 Double-Bit Axe
21:40 Scale Barding Armor
23:32 Chain Barding Armor
25:48 Husbandry
25:51 Scale Mail Armor
26:01 Forging
26:20 Forging
28:35 Wheelbarrow
27:55 Gold Mining
36:27 Fletching
37:17 Iron Casting
36:41 Town Watch
40:26 Imperial Age
JAGR | DesNoguns
6:49 Loom
9:15 Feudal Age
9:18 Man-at-Arms
14:38 Fletching
20:42 Castle Age
18:57 Double-Bit Axe
19:17 Horse Collar
19:35 Gold Mining
20:27 Scale Barding Armor
20:37 Bloodlines
21:20 Bodkin Arrow
22:05 Padded Archer Armor
22:10 Husbandry
25:55 Bow Saw
26:27 Scale Barding Armor
27:38 Ballistics
29:25 Town Watch
37:47 Imperial Age
36:38 Wheelbarrow
36:36 Thumb Ring
36:38 Stone Mining
Connection lost

Rejoining the realm…

Still unreachable

The connection could not be restored.

Session expired

The server has moved on; the page needs a fresh start.